Workbook
Name Element: INDIRECT("Image!$e$"&'[1]Calcul ascendant'!$H$12)

Sheet Lettres de passage
H1: MICHELLE | N1: BOUT
B3: Année | C3: Lettre | D3: Valeur | E3: Interprétations | H3: 13 | K3: 2 | N3: 1902
B4: 1900 | C4: =IF(B4-$N$3<0,"",MID(SUBSTITUTE($H$1&$N$1," ",""),MOD(B4-$N$3,LEN(SUBSTITUTE($H$1&$N$1," ","")))+1,1)) | D4: =IFERROR(IF(MOD(CODE(C4)-64,9)=0,9,MOD(CODE(C4)-64,9)),"") | E4: =IFERROR(VLOOKUP(C4,Feuil1!$A$1:$B$27,2,FALSE),"")
B5: 1901 | C5: =IF(B5-$N$3<0,"",MID(SUBSTITUTE($H$1&$N$1," ",""),MOD(B5-$N$3,LEN(SUBSTITUTE($H$1&$N$1," ","")))+1,1)) | D5: =IFERROR(IF(MOD(CODE(C5)-64,9)=0,9,MOD(CODE(C5)-64,9)),"") | E5: =IFERROR(VLOOKUP(C5,Feuil1!$A$1:$B$27,2,FALSE),"")
B6: 1902 | C6: =IF(B6-$N$3<0,"",MID(SUBSTITUTE($H$1&$N$1," ",""),MOD(B6-$N$3,LEN(SUBSTITUTE($H$1&$N$1," ","")))+1,1)) -> M | D6: =IFERROR(IF(MOD(CODE(C6)-64,9)=0,9,MOD(CODE(C6)-64,9)),"") -> 4 | E6: =IFERROR(VLOOKUP(C6,Feuil1!$A$1:$B$27,2,FALSE),"") -> construction, administratifs, mariage, santé a surveiller, dureté, rigueur, changement. Transformation brutale , pas forcément négative, survient souvent à ce moment là. Les situations de fonds remontent à la surface. Ebranlement des racines familiales, soucis avec la belle famille. Conflits ou opposition avec les partenaires. Conditions de travaille limitatives, restrictives. Déménagement possible, restauration d’ancien meuble ou maison . Baisse de vitalité, de tonus. La lettre M est : physique, constructive, négative, difficile.
B7: 1903 | C7: =IF(B7-$N$3<0,"",MID(SUBSTITUTE($H$1&$N$1," ",""),MOD(B7-$N$3,LEN(SUBSTITUTE($H$1&$N$1," ","")))+1,1)) -> I | D7: =IFERROR(IF(MOD(CODE(C7)-64,9)=0,9,MOD(CODE(C7)-64,9)),"") -> 9 | E7: =IFERROR(VLOOKUP(C7,Feuil1!$A$1:$B$27,2,FALSE),"") -> signifie émotions, tension, épreuves, passion, idéalisme, amour universel, contact avec les étrangers, tendance aux désillusions, aux désordre, à l’orgueil . Il faut éviter toute démarche d’intérêt privé. Gains favorisés dans les domaines créatifs, artistiques. Les relations affectives peuvent être tendues , le couple peut aussi être fragilisé Parfois divorce ou rupture. Excellent pour les voyages. La lettre I est émotive créatrice, négative .
B8: 1904 | C8: =IF(B8-$N$3<0,"",MID(SUBSTITUTE($H$1&$N$1," ",""),MOD(B8-$N$3,LEN(SUBSTITUTE($H$1&$N$1," ","")))+1,1)) -> C | D8: =IFERROR(IF(MOD(CODE(C8)-64,9)=0,9,MOD(CODE(C8)-64,9)),"") -> 3 | E8: =IFERROR(VLOOKUP(C8,Feuil1!$A$1:$B$27,2,FALSE),"") -> créativité, activité, expression. Achat ou investissement favorable, mais tendance à gaspiller son énergie et son argent. Possibilité de rencontre sentimentale avec personne plus jeune ou très dynamique . Naissance possible(souvent un garçon). La chance est la , des amitiés nouvelles ou de nouvelles relations, voyages possibles ou beaucoup de déplacements. Des soucis du passé s’estompent et s’arrangent.
B9: 1905 | C9: =IF(B9-$N$3<0,"",MID(SUBSTITUTE($H$1&$N$1," ",""),MOD(B9-$N$3,LEN(SUBSTITUTE($H$1&$N$1," ","")))+1,1)) -> H | D9: =IFERROR(IF(MOD(CODE(C9)-64,9)=0,9,MOD(CODE(C9)-64,9)),"") -> 8 | E9: =IFERROR(VLOOKUP(C9,Feuil1!$A$1:$B$27,2,FALSE),"") -> carrière, excès, matériel, elle favorise le succès mais engendre des luttes, il faut maintenir l’équilibre dans tous les domaines. Disputes sur les biens familiaux ou possessions communes. Parfois mariage d’intérêt. Les opportunités sont nombreuses pour réussir, toute erreur est durement sanctionnée. Il faut faire attention au fait qu’on peut descendre de l’échelle aussi vite qu’on est monté. Beaucoup d’idées constructives et concrètes .Variations , gains ou pertes, hauts et bas à surveiller de près sous peine de risques importants à tous points de vue. La lettre H est cérébrale, émotionnelle neutre.
B10: 1906 | C10: =IF(B10-$N$3<0,"",MID(SUBSTITUTE($H$1&$N$1," ",""),MOD(B10-$N$3,LEN(SUBSTITUTE($H$1&$N$1," ","")))+1,1)) -> E | D10: =IFERROR(IF(MOD(CODE(C10)-64,9)=0,9,MOD(CODE(C10)-64,9)),"") -> 5 | E10: =IFERROR(VLOOKUP(C10,Feuil1!$A$1:$B$27,2,FALSE),"") -> changements, évolution, avancement, liberté ou libération, expériences, risques de tracasseries au niveau banques ou du fisc, il faut éviter les investissements trop rapides. Bonne période pour les promotions ou les nouveaux contacts, voyages. Au niveau affectif risque de tension ou de déception et nouvelle relation instable ou de courte durée. La lettre E est physique, positive, créative.
B11: 1907 | C11: =IF(B11-$N$3<0,"",MID(SUBSTITUTE($H$1&$N$1," ",""),MOD(B11-$N$3,LEN(SUBSTITUTE($H$1&$N$1," ","")))+1,1)) -> L | D11: =IFERROR(IF(MOD(CODE(C11)-64,9)=0,9,MOD(CODE(C11)-64,9)),"") -> 3 | E11: =IFERROR(VLOOKUP(C11,Feuil1!$A$1:$B$27,2,FALSE),"") -> changements, expansion, protection, intelligence, analyse, sens social, finesse, tendance boulimiques, union, mariage. Opportunités d’améliorer sa situation, favorise les voyages, succès, on peut compter sur des amis. Paix intérieure, amélioration a tout point de vue ; en cas de tensions dans les couples ou problèmes familiaux, la tendance est à l’arrangement et l’éclaircissement. Quelques petits risques accidentels. Grande intuition . La lettre L est expansive, libératrice, positive, cérébrale.
B12: 1908 | C12: =IF(B12-$N$3<0,"",MID(SUBSTITUTE($H$1&$N$1," ",""),MOD(B12-$N$3,LEN(SUBSTITUTE($H$1&$N$1," ","")))+1,1)) -> L | D12: =IFERROR(IF(MOD(CODE(C12)-64,9)=0,9,MOD(CODE(C12)-64,9)),"") -> 3 | E12: =IFERROR(VLOOKUP(C12,Feuil1!$A$1:$B$27,2,FALSE),"") -> changements, expansion, protection, intelligence, analyse, sens social, finesse, tendance boulimiques, union, mariage. Opportunités d’améliorer sa situation, favorise les voyages, succès, on peut compter sur des amis. Paix intérieure, amélioration a tout point de vue ; en cas de tensions dans les couples ou problèmes familiaux, la tendance est à l’arrangement et l’éclaircissement. Quelques petits risques accidentels. Grande intuition . La lettre L est expansive, libératrice, positive, cérébrale.
B13: 1909 | C13: =IF(B13-$N$3<0,"",MID(SUBSTITUTE($H$1&$N$1," ",""),MOD(B13-$N$3,LEN(SUBSTITUTE($H$1&$N$1," ","")))+1,1)) -> E | D13: =IFERROR(IF(MOD(CODE(C13)-64,9)=0,9,MOD(CODE(C13)-64,9)),"") -> 5 | E13: =IFERROR(VLOOKUP(C13,Feuil1!$A$1:$B$27,2,FALSE),"") -> changements, évolution, avancement, liberté ou libération, expériences, risques de tracasseries au niveau banques ou du fisc, il faut éviter les investissements trop rapides. Bonne période pour les promotions ou les nouveaux contacts, voyages. Au niveau affectif risque de tension ou de déception et nouvelle relation instable ou de courte durée. La lettre E est physique, positive, créative.
B14: 1910 | C14: =IF(B14-$N$3<0,"",MID(SUBSTITUTE($H$1&$N$1," ",""),MOD(B14-$N$3,LEN(SUBSTITUTE($H$1&$N$1," ","")))+1,1)) -> B | D14: =IFERROR(IF(MOD(CODE(C14)-64,9)=0,9,MOD(CODE(C14)-64,9)),"") -> 2 | E14: =IFERROR(VLOOKUP(C14,Feuil1!$A$1:$B$27,2,FALSE),"") -> besoin de collaborer dans un univers aux relations harmonieuses, goût du luxe en général, souplesse, soumission, dissimulation, parfois jalousie, dualité dans les relations sentimentales, une entente ou rupture ou des ennuis de santé. La lettre B est une lettre émotive négative et sensible.
B15: 1911 | C15: =IF(B15-$N$3<0,"",MID(SUBSTITUTE($H$1&$N$1," ",""),MOD(B15-$N$3,LEN(SUBSTITUTE($H$1&$N$1," ","")))+1,1)) -> O | D15: =IFERROR(IF(MOD(CODE(C15)-64,9)=0,9,MOD(CODE(C15)-64,9)),"") -> 6 | E15: =IFERROR(VLOOKUP(C15,Feuil1!$A$1:$B$27,2,FALSE),"") -> affectif, responsabilités, équilibre, union, mariage, sécurité. De nombreuses responsabilités souvent étouffantes au début avec des difficultés pour sortir de son quotidien. Régulation d’affaires familiales et de situations internes. Des facilités pour accroître le patrimoine, les voyages et déplacements sont très protèges. La lettre O est positive, émotionnelle, créatrice.
... B211: 2107 | C211: =IF(B211-$N$3<0,"",MID(SUBSTITUTE($H$1&$N$1," ",""),MOD(B211-$N$3,LEN(SUBSTITUTE($H$1&$N$1," ","")))+1,1)) -> I | D211: =IFERROR(IF(MOD(CODE(C211)-64,9)=0,9,MOD(CODE(C211)-64,9)),"") -> 9 | E211: =IFERROR(VLOOKUP(C211,Feuil1!$A$1:$B$27,2,FALSE),"") -> signifie émotions, tension, épreuves, passion, idéalisme, amour universel, contact avec les étrangers, tendance aux désillusions, aux désordre, à l’orgueil . Il faut éviter toute démarche d’intérêt privé. Gains favorisés dans les domaines créatifs, artistiques. Les relations affectives peuvent être tendues , le couple peut aussi être fragilisé Parfois divorce ou rupture. Excellent pour les voyages. La lettre I est émotive créatrice, négative .

Sheet Feuil1
A1: Lettre | B1: Description
A2: A | B2: changement géographique, opportunités d’avancement dans le milieu professionnel ou la vie affective. Remise en question d’une association pour une meilleure évolution. Fin d’une situation au profit d’une autre, évolution ou changement dans l’activité, déplacements favorisés. Amélioration, progrès.
A3: B | B3: besoin de collaborer dans un univers aux relations harmonieuses, goût du luxe en général, souplesse, soumission, dissimulation, parfois jalousie, dualité dans les relations sentimentales, une entente ou rupture ou des ennuis de santé. La lettre B est une lettre émotive négative et sensible.
A4: C | B4: créativité, activité, expression. Achat ou investissement favorable, mais tendance à gaspiller son énergie et son argent. Possibilité de rencontre sentimentale avec personne plus jeune ou très dynamique . Naissance possible(souvent un garçon). La chance est la , des amitiés nouvelles ou de nouvelles relations, voyages possibles ou beaucoup de déplacements. Des soucis du passé s’estompent et s’arrangent.
A5: D | B5: rigueur, travail, des contraintes. Attention aux finances, il est souhaitable de développer le sens de l’économie ou les revenus peuvent être incertains Attention aussi à la santé qui peut être fragile , attention aussi dans les déplacements Activité forte , voir surmenage. Litiges familiaux , problèmes juridiques ou sentimentales, surmenages fréquents. Cette lettre ne donne guère de fantaisie. La lettre D est physique, et négative et rigoureuse , constructive.
A6: E | B6: changements, évolution, avancement, liberté ou libération, expériences, risques de tracasseries au niveau banques ou du fisc, il faut éviter les investissements trop rapides. Bonne période pour les promotions ou les nouveaux contacts, voyages. Au niveau affectif risque de tension ou de déception et nouvelle relation instable ou de courte durée. La lettre E est physique, positive, créative.
A7: F | B7: affectif, lenteur, obligations, les sentiments, le couple et les enfants réclament attention, responsabilités, sous peines de soucis pouvant amener une séparation, ennuis de santé , attention à la tentation. L’adoption d’un enfant est favorisée, il faut aider et soutenir autour de soi les membres de sa famille et beaucoup de sollicitations. Il faudra faire attention à de la rancune très prononcée Dans la vie de couple un choix peut s’imposer, la réflexion et de rigueur. Bonne période pour le mariage ou l’union, sens de la fidélité aux engagements. La lettre F est intuitive, hésitante, émotive, négative.
A8: G | B8: contrat, promotion, tension. Les actions sont très réfléchies, accumulation des connaissances, parfois recherche de calme, gains financiers possibles, améliorations du standing. Succession, héritage, procès. La carrière est favorisée mais risque de tromperie dans les affaires ou litiges, quelques tensions dans les rapports humains, beaucoup d’émotivité. Les problèmes peuvent venir des négligences liées au passé. La lettre G est cérébrale, constructive, positive.
A9: H | B9: carrière, excès, matériel, elle favorise le succès mais engendre des luttes, il faut maintenir l’équilibre dans tous les domaines. Disputes sur les biens familiaux ou possessions communes. Parfois mariage d’intérêt. Les opportunités sont nombreuses pour réussir, toute erreur est durement sanctionnée. Il faut faire attention au fait qu’on peut descendre de l’échelle aussi vite qu’on est monté. Beaucoup d’idées constructives et concrètes .Variations , gains ou pertes, hauts et bas à surveiller de près sous peine de risques importants à tous points de vue. La lettre H est cérébrale, émotionnelle neutre.
A10: I | B10: signifie émotions, tension, épreuves, passion, idéalisme, amour universel, contact avec les étrangers, tendance aux désillusions, aux désordre, à l’orgueil . Il faut éviter toute démarche d’intérêt privé. Gains favorisés dans les domaines créatifs, artistiques. Les relations affectives peuvent être tendues , le couple peut aussi être fragilisé Parfois divorce ou rupture. Excellent pour les voyages. La lettre I est émotive créatrice, négative .
A11: J | B11: indépendance, amélioration, activité intelligence, création, justice, loyauté, énergie ; Bonne évolution sur tous les plans, carrière, travail, affection, train de vie. Les gains sont favorisés, mais attention aux dettes et aux dépenses inconsidérées dans le foyer. Risques fréquents de malentendus. Changement géographique favorisé et les activités d’expression sont bien aspectées. Attention au procès ou au litiges administratifs. La lettre J est cérébrale, positive, neutre ; hésitante.
A12: K | B12: impulsivité, intuition, force, puissance, volonté, tendance à une tension nerveuse intense, aux abus ou excès à la manipulation d’autrui. Eveil de nouvelles capacités, changements brutaux. Tensions possibles dans les rapports existants et renouveau affectif. Difficultés à vivre pour l’entourage en général. Parfois coup de foudre. Bon aspects au niveau de l’argent, des aides peuvent arriver de façon inattendus favorables. Attention à la nervosité. La lettre K est :intuitive, créatrice.
... A27: Z | B27: progression, succès, risques affectifs, opportunités pour s’enrichir et développer les affaires. Bonne énergie et belle résistance, la profession, la carrière, les finances, les voyages sont protégés. C’est l’affectif qui pose problème avec soit la consolidation, soit la désagrégation. Grande nervosité, un mariage d’intérêt ou de raison peut être conclu. Protection matérielle par l’union. La lettre Z est : émotionnelle, créatrice, positive .
